Map: Sequencer LE

Players

DnS

  • Race: Protoss Protoss
  • Spawn Location: 7:00

Elazer - Winner!

  • Race: Zerg Zerg
  • Spawn Location: 1:00

Event: WCS Jonkoping 2017

VOD

Have the link to the VOD?

Description

Time

  • Played on: June 17, 2017, 1:53 p.m.
  • Length: 10:12

All games in this series

Show
View Real Time Build Order
Export as new Build Order

DnS Protoss 

Build Orders: 1 Gate Expand, Oracle Opening, Zealot Archon 

Get SALT Encoding   

  12  0:00  Probe (Chrono Boost)  
  13  0:11  Probe (Chrono Boost)  
  14  0:19  Pylon  
  14  0:22  Probe (Chrono Boost)  
  15  0:37  Probe (Chrono Boost)  
  15  0:40  Gateway  
  16  0:48  Probe (Chrono Boost)  
  16  0:49  Assimilator  
  17  0:58  Probe (Chrono Boost)  
  18  1:09  Probe (Chrono Boost)  
  19  1:20  Nexus  
  19  1:24  Probe (Chrono Boost)  
  20  1:34  Cybernetics Core  
  20  1:37  Probe (Chrono Boost)  
  21  1:44  Assimilator  
  21  1:47  Probe (Chrono Boost)  
  21  1:51  Pylon  
  22  1:58  Probe (Chrono Boost)  
  23  2:09  Probe (Chrono Boost)  
  23  2:10  Adept (Chrono Boost)  
  23  2:11  Warp Gate  
  26  2:21  Probe  
  27  2:30  Probe  
  27  2:33  Probe  
  27  2:34  Stargate  
  29  2:40  Adept (Chrono Boost)  
  29  2:41  Probe  
  32  2:45  Probe (Chrono Boost)  
  33  2:53  Probe (Chrono Boost)  
  33  2:57  Probe (Chrono Boost)  
  35  3:04  Probe (Chrono Boost), Adept  
  38  3:07  Probe (Chrono Boost)  
  38  3:10  Pylon  
  39  3:14  Probe (Chrono Boost)  
  39  3:16  Probe (Chrono Boost), Oracle (Chrono Boost)  
  44  3:26  Probe  
  45  3:27  Probe, Gateway  
  46  3:37  Probe  
  46  3:38  Probe  
  48  3:42  Pylon  
  48  3:46  Adept  
  48  3:48  Probe, Oracle (Chrono Boost)  
  54  3:58  Probe  
  54  3:59  Nexus  
  55  4:03  Probe  
  55  4:04  Pylon  
  56  4:16  Probe  
  56  4:19  Probe  
  56  4:26  Assimilator  
  56  4:27  Probe (Chrono Boost)  
  56  4:28  Assimilator  
  56  4:29  Zealot  
  56  4:30  Sentry  
  59  4:35  Mothership Core (Chrono Boost)  
  59  4:38  Phoenix  
  63  4:39  Probe (Chrono Boost)  
  64  4:50  Probe (Chrono Boost)  
  65  4:54  Probe (Chrono Boost), Robotics Facility  
  65  4:58  Forge  
  66  5:00  Probe (Chrono Boost)  
  66  5:05  Probe (Chrono Boost)  
  66  5:06  Twilight Council  
  68  5:11  Probe (Chrono Boost)  
  68  5:12  Probe (Chrono Boost)  
  70  5:15  Probe (Chrono Boost)  
  70  5:19  Pylon  
  72  5:21  Probe (Chrono Boost)  
  72  5:22  Probe (Chrono Boost)  
  72  5:26  Probe (Chrono Boost)  
  74  5:30  Charge  
  74  5:32  Probe (Chrono Boost), Protoss Ground Weapons Level 1 (Chrono Boost)  
  74  5:33  Probe (Chrono Boost)  
  76  5:36  Probe (Chrono Boost), Warp Prism (Chrono Boost)  
  76  5:38  Pylon  
  76  5:40  Assimilator  
  76  5:41  Assimilator  
  76  5:42  Probe (Chrono Boost)  
  80  5:45  Probe  
  80  5:47  Probe  
  80  5:48  Gateway  
  82  5:52  Gateway  
  82  5:53  Gateway  
  82  5:54  Probe  
  82  5:55  Gateway  
  83  5:57  Probe  
  83  5:59  Probe  
  83  6:00  Templar Archives  
  83  6:01  Gateway  
  85  6:06  Probe  
  85  6:09  Probe  
  85  6:10  Observer  
  87  6:11  Probe  
  89  6:21  Probe  
  90  6:26  Photon Cannon  
  90  6:27  Pylon  
  90  6:29  Gateway  
  90  6:32  Immortal  
  90  6:33  Pylon  
  90  6:35  Photon Cannon  
  90  6:37  Pylon  
  94  6:41  Pylon  
  94  6:44  High Templar x2  
  94  6:45  High Templar  
  100  6:50  High Templar  
  100  6:51  Archon  
  102  6:55  Archon  
  102  6:58  Probe  
  102  7:00  Pylon  
  103  7:04  High Templar x2  
  103  7:06  Immortal  
  103  7:07  Nexus  
  107  7:09  Pylon, Archon  
  107  7:13  Photon Cannon  
  107  7:15  Zealot, Pylon  
  113  7:17  Zealot x3, Pylon  
  119  7:39  Stalker x2  
  119  7:40  Immortal  
  119  7:42  Probe  
  128  7:52  High Templar x2  
  128  7:54  Psionic Storm  
  128  7:56  Archon  
  132  8:06  Zealot x6  
  144  8:14  Photon Cannon  
  144  8:15  Photon Cannon  
  144  8:19  Immortal  
  148  8:29  Zealot x6  
  148  8:30  Zealot x2  
  162  8:48  Probe  
  156  8:49  Probe x3  
  156  8:53  Immortal, High Templar x3  
  156  8:54  Assimilator  
  158  9:02  Zealot x3  
  164  9:04  High Templar  
  164  9:06  Probe x2  
  164  9:09  Photon Cannon  
  166  9:13  Photon Cannon  
  166  9:14  Photon Cannon  
  166  9:16  Photon Cannon  
  152  9:21  Zealot  
  128  9:27  Immortal  
  128  9:29  Zealot x6  
  138  9:32  Mothership Core  
  140  9:42  Archon x2  
  129  9:47  Zealot  
  129  9:51  Zealot x6  
Show
View Real Time Build Order
Export as new Build Order

Elazer Zerg - Winner!

Build Orders: Hatch First 

Get SALT Encoding   

  12  0:00  Drone  
  13  0:12  Overlord  
  13  0:17  Drone  
  14  0:30  Drone x2  
  14  0:34  Drone  
  17  0:51  Hatchery  
  17  0:54  Drone  
  17  0:57  Drone  
  18  1:08  Extractor  
  17  1:12  Spawning Pool  
  17  1:15  Drone  
  17  1:18  Drone  
  18  1:27  Drone  
  19  1:38  Overlord  
  19  1:49  Drone  
  20  1:59  Queen  
  20  2:00  Drone  
  23  2:03  Queen, Zergling x2  
  23  2:07  Metabolic Boost  
  26  2:11  Drone  
  26  2:13  Drone  
  28  2:22  Drone  
  29  2:25  Drone  
  30  2:37  Hatchery  
  30  2:42  Zergling x2  
  30  2:45  Pneumatized Carapace  
  30  2:47  Drone  
  30  2:50  Drone  
  32  2:53  Overlord  
  32  2:57  Drone  
  33  3:03  Drone  
  34  3:08  Drone x2  
  34  3:11  Queen  
  38  3:13  Drone  
  38  3:16  Drone  
  38  3:17  Drone  
  41  3:22  Drone x2  
  43  3:29  Overlord  
  43  3:30  Drone  
  43  3:34  Spore Crawler x2  
  42  3:38  Drone  
  42  3:39  Evolution Chamber  
  42  3:40  Drone  
  43  3:41  Drone  
  43  3:47  Queen  
  46  3:49  Drone  
  46  3:50  Drone  
  46  3:52  Drone  
  46  3:54  Drone  
  50  3:55  Drone  
  50  3:58  Zergling x2  
  50  4:00  Zergling x4  
  50  4:02  Zergling x2  
  55  4:08  Overlord  
  55  4:11  Spore Crawler, Drone x2  
  56  4:19  Drone x2  
  56  4:22  Drone  
  58  4:26  Queen  
  58  4:27  Drone x4  
  58  4:28  Drone  
  58  4:29  Drone  
  65  4:36  Zerg Melee Weapons Level 1  
  65  4:37  Lair  
  65  4:44  Overlord  
  65  4:53  Overlord  
  65  4:56  Extractor x2  
  65  4:57  Extractor  
  65  4:58  Drone x2  
  64  5:05  Spore Crawler, Drone  
  64  5:06  Hatchery, Drone x3  
  66  5:07  Drone  
  66  5:09  Drone x2  
  66  5:12  Drone x3  
  72  5:14  Drone  
  72  5:16  Drone x2  
  72  5:18  Drone  
  76  5:22  Extractor, Drone x3  
  77  5:29  Extractor  
  77  5:30  Overlord  
  77  5:31  Baneling Nest  
  77  5:34  Overlord  
  75  5:37  Overlord  
  75  5:38  Hydralisk Den  
  75  5:40  Overlord  
  74  5:45  Overlord  
  74  5:49  Hatchery  
  73  5:51  Drone x2  
  73  5:52  Drone  
  73  5:53  Drone  
  73  5:56  Drone x2  
  80  5:57  Drone  
  80  6:01  Drone x3  
  83  6:05  Drone  
  83  6:06  Drone x3  
  87  6:12  Muscular Augments  
  87  6:16  Hydralisk  
  87  6:17  Hydralisk x2  
  93  6:24  Centrifical Hooks, Drone x2  
  93  6:33  Hydralisk x3, Zerg Melee Weapons Level 2  
  93  6:37  Spore Crawler  
  93  6:39  Drone  
  99  6:40  Drone x3  
  99  6:41  Drone  
  99  6:43  Overseer, Hydralisk  
  105  6:51  Hydralisk x4  
  113  7:00  Baneling  
  113  7:01  Hydralisk x4, Baneling x3  
  113  7:06  Hydralisk x2  
  125  7:09  Overlord  
  125  7:10  Overlord  
  125  7:12  Overlord  
  125  7:25  Overlord x2  
  125  7:28  Hydralisk  
  125  7:29  Hydralisk x6  
  137  7:37  Hydralisk x3  
  137  7:41  Zergling x12  
  137  7:42  Overlord  
  149  7:45  Zergling x12  
  149  7:47  Zergling x4  
  157  7:53  Zergling x2  
  157  7:57  Overlord  
  158  8:02  Zergling x10  
  158  8:03  Zergling x6  
  166  8:08  Overlord  
  166  8:17  Baneling x3  
  166  8:18  Baneling x9  
  166  8:21  Zergling x2  
  166  8:22  Zergling x14  
  166  8:25  Baneling  
  166  8:26  Baneling x11  
  174  8:30  Zergling x10  
  179  8:34  Zergling x6  
  179  8:45  Zergling x2  
  179  8:46  Zergling x14  
  179  8:56  Zergling x6  
  179  8:57  Overlord x2  
  181  9:02  Zergling x2  
  181  9:08  Queen  
  179  9:10  Baneling  
  179  9:11  Baneling x19  
  174  9:21  Zergling x2  
  174  9:22  Zergling x38  
  184  9:25  Hydralisk x3  
  184  9:28  Baneling x3  
  184  9:29  Baneling x5  
  187  9:44  Hydralisk x3  
  187  9:45  Hydralisk x3  
  182  9:49  Zergling x14  
  182  9:50  Zergling x6  
Tags
 
Add a new tag
Caveats
  • Supply blocks, unpowered buildings, or Contaminate may cause inaccurate times.
  • Supply counts are checked every 10 seconds.